 Dungeon Crawl Stone Soup version 0.21-a0-267-ga5fc350 (webtiles) character file.

115528 Merkurius the Unseen (level 16, -5/84 HPs)
             Began as a Spriggan Enchanter on Sept 13, 2017.
             Was the Champion of Dithmenos.
             Slain by Saint Roka
             ... wielding a +0 great sword of slicing
              (11 damage)
             ... on level 1 of the Depths.
             The game lasted 01:37:49 (36774 turns).

Merkurius the Unseen (Spriggan Enchanter)          Turns: 36774, Time: 01:37:58

Health: -5/84      AC:  9    Str: 18    XL:     16   Next: 18%
Magic:  32/35      EV: 39    Int: 19    God:    Dithmenos [******]
Gold:   1599       SH:  0    Dex: 22    Spells: 27/44 levels left

rFire    . . .     SeeInvis +   i - +4 dagger (venom)
rCold    . . .     Gourm    .   (shield restricted)
rNeg     . . .     Faith    .   o - +2 robe {MR+}
rPois    +         Spirit   .   V - +2 hat
rElec    .         Reflect  .   (no cloak)
rCorr    .         Harm     .   (gloves unavailable)
MR       +++..                  (boots unavailable)
Stlth    ++++++++++             r - amulet of magic regeneration
HPRegen  0.24/turn              F - +5 ring of strength
MPRegen  0.49/turn              d - +4 ring of protection

@: mighty, agile, wreathed by umbra, very quick
A: unfitting armour, antennae 1, hooves 1, see invisible, deformed body,
herbivore 3, speed 3, poison resistance, slow metabolism 2
a: Shadow Step, Shadow Form, Renounce Religion


You were on level 1 of the Depths.
You worshipped Dithmenos.
Dithmenos was exalted by your worship.
You were not hungry.

You visited 7 branches of the dungeon, and saw 27 of its levels.
You also visited: Labyrinth.

You collected 2507 gold pieces.
You spent 908 gold pieces at shops.

Inventory:

Hand Weapons
 i - a +4 dagger of venom (weapon)
 W - a +2 dagger of draining
Missiles
 D - 2 throwing nets (quivered)
Armour
 b - a +0 robe of magic resistance
 e - a +2 buckler
 o - a +2 robe of magic resistance (worn)
 V - a +2 hat (worn)
Jewellery
 d - a +4 ring of protection (right hand)
 g - an uncursed ring of wizardry
 m - an uncursed ring of fire
 r - an amulet of magic regeneration (around neck)
 u - an uncursed ring of flight
 B - an uncursed ring of protection from fire
 F - a +5 ring of strength (left hand)
 H - an uncursed ring of protection from cold
 T - the ring of Ofeschagaq {Ice +Blink rElec}
   (You found it on level 6 of the Lair of Beasts)

   [ring of ice]

   It enhances your ice magic.
   It makes you vulnerable to fire.
   It protects you from cold.
   It insulates you from electricity.
   It lets you blink.
Wands
 a - a wand of confusion (30/48)
 x - a wand of paralysis (12/24)
 G - a wand of digging (8/24)
 Q - a wand of digging (13/24)
Scrolls
 f - 2 scrolls of fog
 h - 2 scrolls of magic mapping
 n - 7 scrolls of remove curse
 p - 9 scrolls of teleportation
 s - 6 scrolls of recharging
 K - a scroll of brand weapon
 M - 2 scrolls of enchant armour
 N - 4 scrolls of fear
 U - a scroll of holy word
 X - 8 scrolls of identify
 Y - 3 scrolls of blinking
Potions
 c - 10 potions of curing
 k - a potion of agility
 t - 3 potions of cancellation
 v - 2 potions of might
 A - a potion of flight
 C - 6 potions of haste
 S - a potion of lignification
Books
 P - the Guide on Dislocation and Ice
   (You found it on level 1 of the Lair of Beasts)

   Spells                             Type                      Level
   a - Freeze                         Ice                          1
   b - Shroud of Golubria             Charms/Translocation         2
   c - Ozocubu's Armour               Charms/Ice                   3
   d - Simulacrum                     Ice/Necromancy               6
   e - Controlled Blink               Translocation                8
Miscellaneous
 R - a phantom mirror
Comestibles
 q - 10 bread rations


   Skills:
 + Level 9.5 Fighting
 + Level 12.0 Short Blades
 + Level 15.7 Dodging
 + Level 20.4 Stealth
 + Level 14.6 Spellcasting
 + Level 14.6 Hexes


You had 27 spell levels left.
You knew the following spells:

 Your Spells              Type           Power        Failure   Level  Hunger
a - Ensorcelled Hibernat  Hex/Ice        #####.       1%          2    None
b - Corona                Hex            ######.      0%          1    None
c - Confuse               Hex            ######..     1%          3    None
d - Tukima's Dance        Hex            ######..     1%          3    None
e - Dazzling Spray        Conj/Hex       #####.       1%          3    None
f - Blink                 Tloc           N/A          7%          2    None
g - Spectral Weapon       Hex/Chrm       #####...     1%          3    None


Dungeon Overview and Level Annotations

Branches:
Dungeon (15/15)            Temple (1/1) D:7            Lair (6/6) D:8
  Swamp (0/4) Lair:3       Spider (0/4) Lair:2        Slime (1/5) Lair:5
    Orc (2/2) D:11            Elf (1/3) Orc:2        Vaults (0/5) D:13
 Depths (1/5) D:15

Altars:
Ashenzari
Cheibriados
Dithmenos
Elyvilon
Fedhas
Gozag
Hepliaklqana
Kikubaaqudgha
Makhleb
Nemelex Xobeh
Okawaru
Qazlal
Ru
Sif Muna
Trog
Uskayaw
Vehumet
Wu Jian
Xom
Yredelemnul
Zin
The Shining One
Beogh
Jiyva

Shops:
D:4 ?   D:5 *(   D:7 *   D:8 (   Orc:2 ([[%   Elf:1 :

Portals:
Trove: D:13 (give +7 demon trident)

Annotations:
Depths:1 Saint Roka


Innate Abilities, Weirdness & Mutations

You are very small and have problems with some larger weapons.
You are too small for most types of armour.
You have supernaturally acute eyesight. (SInv)
You are a herbivore.
You cover ground extremely quickly.
You need consume almost no food.
You have a pair of small antennae on your head.
You have large cloven feet.
Armour fits poorly on your strangely shaped body.
Your system is resistant to poisons. (rPois)


Message History

The orc warrior looks as sick as possible!
You kick the orc warrior!
You kill the orc warrior!
Dithmenos accepts your kill.
An orc comes into view. It is wielding a club.
You puncture Saint Roka!
Saint Roka is poisoned.
Your kick misses Saint Roka.
Saint Roka is lightly wounded.
Casting: Ensorcelled Hibernation
Confirm with . or Enter, or press ? or * to list all spells.
Aiming: Dazzling Spray
Press: ? - help, Shift-Dir - straight line, f - Saint Roka
Aim: Saint Roka, wielding a great sword of slicing and wearing a chain mail (black smoke, lightly wounded, poisoned, umbra)
The spray of energy misses Saint Roka.
The spray of energy hits the orc.
You kill the orc!
Dithmenos accepts your kill.
Saint Roka says, "In the orcish mines, orcs kill the likes of YOU!"
Saint Roka hits you with a great sword of slicing!!
* * * LOW HITPOINT WARNING * * *
You emit a cloud of dark smoke.
You die...

...................#
#######....#.#####.#
#.....<......#
#............#####.#
#####.#............#
#.....).########
...............#
##################.#
#o§o@§#............#
###§#.############
#§§§§........
#§#§#.######.
...#.#.# ### #.#.#
..#.# ###.# ..#


You could see Saint Roka.

Vanquished Creatures
  Donald (Elf:1)
  The ghost of quacklin the Zephyrmancer, a journeyman DrAE of Sif Muna (D:15)
  An orc warlord (Orc:2)
  The ghost of CakeIsGreat the Geomancer, a journeyman GrEE of Vehumet (Orc:2)
  A stone giant (Orc:2)
  An ettin (Orc:2)
  A minotaur (Lab)
  A catoblepas (Lair:6)
  12 hydras
  4 centaur warriors
  Erolcha (Orc:1)
  9 two-headed ogres
  13 death yaks
  A dancing weapon (Elf:1)
  A deep troll shaman (Lair:6)
  Urug (Lair:3)
  A tengu warrior (D:15)
  A vampire mage (D:15)
  5 orc high priests (Orc:2)
  4 deep elf knights (Elf:1)
  6 unseen horrors
  2 wizards
  2 lindwurms
  Pikel (D:5)
  A golden dragon skeleton (D:15)
  A necromancer (D:15)
  A wolf spider (D:15)
  11 deep elf magi
  4 manticores
  2 stone giant zombies (D:15)
  2 orc sorcerers (Orc:2)
  11 ugly things
  6 cyclopes
  16 elephants
  5 black mambas
  An ice statue (Lair:4)
  3 gargoyles
  A torpor snail (Lair:5)
  20 spiny frogs
  3 kobold demonologists
  3 komodo dragons
  3 rime drakes
  A demonic crawler (Lair:2)
  3 ice devils
  2 tengu conjurers (D:15)
  An efreet (D:14)
  2 guardian mummies (D:15)
  7 trolls
  3 meliai (D:15)
  6 polar bears
  A hornet (D:15)
  5 hippogriffs
  7 dream sheep (Lair:6)
  5 slime creatures (D:15)
  18 blink frogs
  A spriggan (Lair:3)
  2 wraiths
  29 yaks
  Sigmund (D:3)
  A vampire (D:14)
  5 wyverns
  3 basilisks
  3 hungry ghosts
  4 vampire mosquitoes
  Edmund (D:4)
  7 wargs
  19 water moccasins
  4 porcupines
  10 ice beasts
  45 orc warriors
  2 phantoms
  3 black bears
  A slave (D:5)
  A black bear (shapeshifter) (Elf:1)
  4 sky beasts
  2 eyes of draining
  13 wolves
  7 centaurs
  10 ogres
  9 crocodiles
  2 big kobolds
  2 earth elementals
  2 gnoll sergeants
  9 bullfrogs
  A wyvern zombie (D:7)
  4 scorpions
  5 killer bees (D:11)
  10 wights
  A tengu skeleton (D:15)
  10 howler monkeys
  A bullfrog zombie (D:13)
  5 crimson imps
  2 centaur zombies
  13 hounds
  7 centaur skeletons
  4 jellies
  29 orc wizards
  2 bullfrog skeletons
  28 orc priests
  5 iguanas
  Terence (D:3)
  6 worker ants
  Natasha (twice) (D:2)
  A hell rat (D:8)
  2 hound zombies
  2 hound skeletons
  Robin (D:2)
  7 gnolls
  13 adders
  A river rat (D:8)
  2 shadow imps
  4 white imps (Lair:4)
  An ooze (Lair:5)
  An adder skeleton (D:6)
  6 worms
  2 dart slugs
  7 leopard geckos
  115 orcs
  4 bats
  4 giant cockroaches
  23 goblins
  13 hobgoblins
  5 jackals
  7 quokkas
  6 frilled lizards
  A jackal skeleton (D:6)
  23 kobolds
  8 rats
  2 butterflies (D:7)
  A withered plant (D:15)
827 creatures vanquished.

Vanquished Creatures (collateral kills)
  An orc warrior (D:15)
  3 gnolls
  An orc (D:11)
5 creatures vanquished.

Vanquished Creatures (others)
  A deep elf mage (D:12)
  A manticore (D:12)
  2 yaks (D:12)
  3 dancing weapons
  An orc warrior (D:12)
  A centaur (D:12)
  A crocodile (D:12)
  A bullfrog skeleton (D:12)
  A quasit (D:5)
  An orc wizard (D:12)
  3 orcs (D:12)
  A quokka (D:12)
  A bush (Lair:6)
  31 fungi
  23 plants
  4 withered plants (D:15)
76 creatures vanquished.

Grand Total: 908 creatures vanquished

Notes
Turn   | Place    | Note
-------+----------+-------------------------------------------
     0 | D:1      | Merkurius the Spriggan Enchanter began the quest for the Orb.
     0 | D:1      | Reached XP level 1. HP: 9/9 MP: 5/5
   137 | D:1      | Reached XP level 2. HP: 13/13 MP: 7/7
   141 | D:1      | Learned a level 2 spell: Ensorcelled Hibernation
  1439 | D:1      | Reached XP level 3. HP: 16/16 MP: 6/9
  1444 | D:1      | Learned a level 3 spell: Confuse
  1448 | D:1      | Learned a level 3 spell: Tukima's Dance
  2011 | D:2      | Noticed Natasha
  2548 | D:2      | Killed Natasha
  3012 | D:2      | Reached skill level 5 in Hexes
  3012 | D:2      | Reached XP level 4. HP: 21/21 MP: 8/11
  3228 | D:2      | Found a shadowy altar of Dithmenos.
  3233 | D:2      | Became a worshipper of Dithmenos the Shadowed
  3238 | D:2      | Noticed Robin
  3276 | D:2      | Killed Robin
  3929 | D:2      | Noticed Natasha
  3942 | D:2      | Killed Natasha
  3959 | D:3      | Noticed Sigmund
  3994 | D:3      | Killed Sigmund
  3994 | D:3      | Reached skill level 5 in Spellcasting
  3994 | D:3      | Reached XP level 5. HP: 24/24 MP: 5/14
  3994 | D:3      | Reached XP level 6. HP: 28/28 MP: 5/15
  4198 | D:3      | Found a sacrificial altar of Ru.
  4249 | D:3      | Reached skill level 5 in Stealth
  4648 | D:3      | Noticed Terence
  4658 | D:3      | Killed Terence
  4687 | D:3      | Reached skill level 6 in Stealth
  4789 | D:3      | Reached * piety under Dithmenos
  4990 | D:3      | Learned a level 3 spell: Dazzling Spray
  5139 | D:4      | Reached skill level 7 in Stealth
  5220 | D:4      | Found an ornate altar of the Wu Jian Council.
  5284 | D:4      | Reached skill level 8 in Stealth
  5284 | D:4      | Reached XP level 7. HP: 32/32 MP: 16/16
  5309 | D:4      | Noticed Edmund
  5312 | D:4      | Found Toax's Magic Scroll Emporium.
  5341 | D:4      | Killed Edmund
  5341 | D:4      | Reached skill level 9 in Stealth
  5880 | D:4      | Reached skill level 10 in Stealth
  6021 | D:4      | Bought a scroll of noise for 13 gold pieces
  6067 | D:4      | Reached skill level 11 in Stealth
  6162 | D:4      | Reached XP level 8. HP: 22/36 MP: 8/17
  6523 | D:4      | Reached skill level 12 in Stealth
  6525 | D:4      | Reached ** piety under Dithmenos
  6735 | D:5      | Entered Level 5 of the Dungeon
  6743 | D:5      | Found a radiant altar of Vehumet.
  6913 | D:5      | Reached skill level 13 in Stealth
  7038 | D:5      | Found Qiezast's Antique Weapon Boutique.
  7051 | D:5      | Found Qauraschu's Assorted Antiques.
  7062 | D:5      | Reached skill level 1 in Fighting
  7088 | D:5      | Bought a scroll labeled BETEINA ZOULOC for 30 gold pieces
  7088 | D:5      | Bought a brown potion for 27 gold pieces
  7088 | D:5      | Bought a brown potion for 27 gold pieces
  7406 | D:5      | Noticed Pikel
  7419 | D:5      | Killed Pikel
  7419 | D:5      | Reached XP level 9. HP: 42/42 MP: 7/19
  7637 | D:5      | Found a deep blue altar of Sif Muna.
  7897 | D:6      | Reached skill level 5 in Dodging
  8177 | D:6      | Found a blossoming altar of Fedhas.
  8177 | D:6      | Found an opulent altar of Gozag.
  8547 | D:6      | Reached *** piety under Dithmenos
  9224 | D:7      | Reached skill level 14 in Stealth
  9942 | D:7      | Found a staircase to the Ecumenical Temple.
  9950 | Temple   | Entered the Ecumenical Temple
 10335 | D:7      | Found Xoeblumid's Assorted Antiques.
 10349 | D:7      | Bought a scroll labeled QUGGUT VESABRI for 25 gold pieces
 10519 | D:8      | Found Faeffico's Antique Weapon Emporium.
 10630 | D:8      | Noticed a death yak
 10632 | D:8      | Found a staircase to the Lair.
 10634 | D:8      | Noticed a death yak
 10639 | D:8      | Killed a death yak
 10639 | D:8      | Reached XP level 10. HP: 49/49 MP: 17/22
 10643 | D:8      | Noticed a death yak
 10773 | D:8      | Found a stormy altar of Qazlal.
 10957 | D:8      | Killed a death yak
 10957 | D:8      | Reached skill level 5 in Short Blades
 11248 | D:8      | Killed a death yak
 11624 | D:8      | Noticed a two-headed ogre
 11643 | D:8      | Killed a two-headed ogre
 12551 | D:9      | Reached **** piety under Dithmenos
 12575 | D:9      | Noticed a two-headed ogre
 12578 | D:9      | Killed a two-headed ogre
 12578 | D:9      | Reached skill level 15 in Stealth
 12971 | D:10     | Entered Level 10 of the Dungeon
 13000 | D:10     | Reached XP level 11. HP: 53/53 MP: 15/24
 13731 | D:10     | Noticed a two-headed ogre
 13735 | D:10     | Killed a two-headed ogre
 14220 | D:11     | Noticed a two-headed ogre
 14460 | D:10     | Killed a two-headed ogre
 14486 | D:11     | Reached skill level 5 in Fighting
 14736 | D:11     | Reached skill level 10 in Hexes
 14766 | D:11     | Reached ***** piety under Dithmenos
 14937 | D:11     | Found a staircase to the Orcish Mines.
 15002 | D:11     | Noticed a purple ugly thing
 15012 | D:11     | Killed a purple ugly thing
 15054 | D:11     | Noticed a two-headed ogre
 15069 | D:11     | Killed a two-headed ogre
 15069 | D:11     | Reached skill level 10 in Spellcasting
 15222 | D:11     | Found a roughly hewn altar of Beogh.
 15327 | D:11     | Reached skill level 10 in Dodging
 15562 | D:11     | Gained mutation: You are frail. (-10% HP) [potion of mutation]
 15562 | D:11     | Lost mutation: You are frail. (-10% HP) [potion of mutation]
 15673 | D:11     | Noticed a deep elf mage
 15687 | D:11     | Reached skill level 16 in Stealth
 15694 | D:11     | Killed a deep elf mage
 15732 | D:11     | Identified the Almanac of Combed Thunderclap
 15956 | D:11     | Noticed a wizard
 15963 | D:11     | Killed a wizard
 15963 | D:11     | Reached XP level 12. HP: 60/60 MP: 27/27
 15969 | D:11     | Identified Ts'ui Pên's Catalogue of Forking Paths
 15980 | D:11     | Identified Guhal's Compendium of Sand
 15985 | D:11     | Learned a level 2 spell: Blink
 15989 | D:11     | Noticed a two-headed ogre
 15997 | D:11     | Killed a two-headed ogre
 16208 | D:12     | Found a flickering gateway to a bazaar.
 16963 | D:12     | Found a snail-covered altar of Cheibriados.
 17952 | D:13     | Noticed a centaur warrior
 17955 | D:13     | Killed a centaur warrior
 17979 | D:13     | Noticed a seven-headed hydra
 17995 | D:13     | Killed a seven-headed hydra
 18304 | D:13     | Noticed a centaur warrior
 18326 | D:13     | Killed a centaur warrior
 18551 | D:13     | Noticed a centaur warrior
 18564 | D:13     | Killed a centaur warrior
 18826 | D:13     | Noticed a two-headed ogre
 18827 | D:13     | Noticed a two-headed ogre
 18837 | D:13     | Reached skill level 17 in Stealth
 18840 | D:13     | Killed a two-headed ogre
 18852 | D:13     | Killed a two-headed ogre
 18979 | D:13     | Found a gate to the Vaults.
 18987 | D:13     | Found a portal to a secret trove of treasure.
 19290 | D:13     | Reached XP level 13. HP: 38/66 MP: 29/29
 19773 | D:14     | Reached ****** piety under Dithmenos
 20568 | D:14     | Found an opulent altar of Gozag.
 20807 | Lair:1   | Entered Level 1 of the Lair of Beasts
 20996 | Lair:1   | Identified the Guide on Dislocation and Ice
 21576 | Lair:2   | Found a hole to the Spider Nest.
 22559 | Lair:3   | Reached skill level 18 in Stealth
 23247 | Lair:3   | Noticed Urug
 23405 | Lair:4   | Reached skill level 10 in Short Blades
 24404 | Lair:4   | Reached XP level 14. HP: 72/72 MP: 20/31
 25459 | Lair:3   | Found a staircase to the Swamp.
 25545 | Lair:3   | Killed Urug
 26106 | Lair:4   | Identified Sif Muna's Papyrus of Unholy Earth
 26298 | Lair:5   | Found a labyrinth entrance.
 26314 | Lab      | Entered a labyrinth
 26892 | Lair:5   | Found a runed door.
 27844 | Lair:5   | Found a viscous altar of Jiyva.
 27848 | Lair:5   | Found a staircase to the Slime Pits.
 27943 | Slime:1  | Entered Level 1 of the Pits of Slime
 27943 | Slime:1  | Noticed an acid blob
 27958 | Lair:6   | Entered Level 6 of the Lair of Beasts
 28702 | Lair:6   | Reached skill level 19 in Stealth
 29271 | Lair:6   | Got a faintly glowing copper ring
 29273 | Lair:6   | Identified the ring of Ofeschagaq {Ice +Blink rElec} (You found it on level 6 of the Lair of Beasts)
 29477 | Lair:6   | Reached XP level 15. HP: 78/78 MP: 33/33
 31074 | Orc:1    | Entered Level 1 of the Orcish Mines
 31548 | Orc:2    | Entered Level 2 of the Orcish Mines
 31619 | Orc:1    | Noticed Erolcha
 31624 | Orc:1    | Killed Erolcha
 31809 | Orc:2    | Found a roughly hewn altar of Beogh.
 31812 | Orc:2    | Found Mutseeb's Food Boutique.
 32398 | Orc:2    | Found a roughly hewn altar of Beogh.
 32401 | Orc:2    | Found Hoblowac's Armour Boutique.
 32491 | Orc:2    | Found a roughly hewn altar of Beogh.
 33026 | Orc:2    | Found Veidif's Antique Armour Emporium.
 33031 | Orc:2    | Found a roughly hewn altar of Beogh.
 33032 | Orc:2    | Noticed an orc warlord
 33285 | Orc:2    | Killed an orc warlord
 33313 | Orc:2    | Found Hetsigiu's Antique Weapon Shoppe.
 33327 | Orc:2    | Bought a glowing hat for 266 gold pieces
 33566 | Orc:2    | Noticed CakeIsGreat's ghost (journeyman GrEE)
 33579 | Orc:2    | Killed CakeIsGreat's ghost
 33579 | Orc:2    | Reached skill level 15 in Dodging
 33653 | Orc:2    | Found a roughly hewn altar of Beogh.
 33771 | Orc:2    | Found a roughly hewn altar of Beogh.
 33984 | Orc:2    | Found a staircase to the Elven Halls.
 34000 | Orc:2    | Found a roughly hewn altar of Beogh.
 34074 | Elf:1    | Entered Level 1 of the Elven Halls
 34103 | Elf:1    | Found Wimoih's Book Boutique.
 34104 | Elf:1    | Noticed Donald
 34110 | Elf:1    | Killed Donald
 34120 | Elf:1    | Bought a book of Battle for 520 gold pieces
 34137 | Elf:1    | Learned a level 3 spell: Spectral Weapon
 34183 | Elf:1    | Reached skill level 20 in Stealth
 34190 | Elf:1    | Gained mutation: Your system is resistant to poisons. (rPois) [potion of mutation]
 34190 | Elf:1    | Gained mutation: You have sharp toenails. [potion of mutation]
 34190 | Elf:1    | Gained mutation: You tend to lose your temper in combat. [potion of mutation]
 34190 | Elf:1    | Gained mutation: Your muscles are strong. (Str +2) [potion of mutation]
 34191 | Elf:1    | Lost mutation: You tend to lose your temper in combat. [potion of mutation]
 34191 | Elf:1    | Lost mutation: You have sharp toenails. [potion of mutation]
 34191 | Elf:1    | Lost mutation: Your muscles are strong. (Str +2) [potion of mutation]
 34191 | Elf:1    | Gained mutation: You have large cloven feet. [potion of mutation]
 34191 | Elf:1    | Gained mutation: Armour fits poorly on your strangely shaped body. [potion of mutation]
 34191 | Elf:1    | Gained mutation: You have a pair of small antennae on your head. [potion of mutation]
 34771 | D:15     | Entered Level 15 of the Dungeon
 35337 | D:15     | Found a staircase to the Depths.
 35384 | D:15     | Reached XP level 16. HP: 68/84 MP: 10/35
 35942 | D:15     | Noticed quacklin's ghost (journeyman DrAE)
 35972 | D:15     | Killed quacklin's ghost
 36713 | Depths:1 | Entered Level 1 of the Depths
 36746 | Depths:1 | Noticed Saint Roka
 36774 | Depths:1 | Slain by Saint Roka

Vault maps used:
D:1:      scummos_arrival_simple_fountains
D:2:      minmay_door_path, grunt_dithmenos_smoke, uniq_robin, uniq_natasha
D:3:      cheibrodos_greedy_goblins, nicolae_ru_awakened_eye,
          small_statue_intersection, serial_bayou_pond_d, uniq_sigmund,
          uniq_terence
D:4:      kennysheep_little_box, first_bread, serial_shops, shop, st_stairs_1,
          hangedman_decor_diamond_cutter, uniq_edmund
D:5:      lemuel_crystal_altar, nicolae_overflow_hidden_temple, serial_shops,
          kennysheep_mini, nicolae_shop_overgrown_old_shop, uniq_pikel
D:6:      gammafunk_temple_overflow_elements
D:7:      minmay_temple_entry_butterflies, serial_shops, shop
D:8:      nicolae_qazlal_general_emergency, dpeg_lair_monsters, serial_shops,
          shop, grunt_ogre_cave
D:10:     st_stairs_13
D:11:     minmay_orc_entry_temple_small, grunt_ministairs_9,
          bh_hangedman_babel_library
D:12:     basic_altar, serial_shops, bzr_firewalk
D:13:     david_vaults_1, enter_trove_2
D:14:     minmay_connected_triangles_in_corner, minmay_fountain_box,
          grunt_gozag_breadcrumbs
D:15:     gammafunk_depths_entry_grave
Temple:   minmay_temple_curvy_branch
Lair:1:   grunt_megastairs_3
Lair:2:   nicolae_spider_entry_non_spiders, lemuel_fruit_fields
Lair:3:   swamp_mist_pool, grunt_forest_stairs_clearing,
          infiniplex_staircase_pool_2, uniq_urug
Lair:4:   st_stairs_11, ice2_lemuel, grunt_megastairs_4
Lair:5:   slime_altar_2, lab_entry_generic, cheibrodos_lair_reptile_den,
          grunt_megastairs_2
Lair:6:   grunt_lair_end_beastmaster, st_stairs_4
Orc:1:    uniq_erolcha
Orc:2:    grunt_orc_community_town_hall, grunt_orc_community_big_house_2,
          grunt_orc_community_big_house_2, grunt_orc_community_house_3,
          grunt_orc_community_house_2, grunt_orc_community_house_2,
          grunt_orc_community_house_3, grunt_orc_community_house_2,
          portal_ice_cave_demonic_guard, david_defended_altar_orc
Elf:1:    elf_arrival_001, serial_shops, shop, shop, shop,
          kennysheep_underground_church, roderic_lattice_octagonal_star,
          uniq_donald
Depths:1: enter_ziggurat_e, kennysheep_cross_bottleneck, hell_entry,
          rand_demon_pan_entry_9, abyss_entry, kennysheep_decorative_pillar,
          kennysheep_generic_room_13, uniq_saint_roka
Lab:      labyrinth_spiral, nicolae_lab_checkerboard, nicolae_lab_swirl,
          labyrinth_fake_exit, nicolae_lab_flowing_pool, nicolae_lab_blocks,
          labyrinth_glass_1, nicolae_lab_grate, lab_fountain, lab_block,
          labyrinth_skeletal_remains

Skill      XL: |  1  2  3  4  5  6  7  8  9 10 11 12 13 14 15 16 |
---------------+-------------------------------------------------+-----
Spellcasting   | 3 4 5 6 7 8 10 11 12 13 14 | 14.6
Hexes          | 4 5 6 7 8 9 10 11 12 13 14 | 14.6
Stealth        | 8 11 13 14 15 16 17 18 19 20 | 20.4
Fighting       | 1 3 4 5 6 7 8 9 |  9.5
Short Blades   | 2 4 6 7 8 10 11 12 | 12.0
Dodging        | 4 6 8 10 11 12 14 15 | 15.7

Action                   |  1- 3 |  4- 6 |  7- 9 | 10-12 | 13-15 | 16-18 || total
-------------------------+-------+-------+-------+-------+-------+-------++-------
Melee: Dagger            |    96 |   156 |   265 |   637 |  1241 |   134 ||  2529
       Kick              |       |       |       |       |    24 |    56 ||    80
 Cast: Corona            |     6 |       |     1 |       |       |       ||     7
       Ensorcelled Hiber |    29 |    11 |    22 |    35 |   122 |     3 ||   222
       Confuse           |     3 |     9 |    27 |    67 |    99 |    23 ||   228
       Tukima's Dance    |       |     1 |     6 |     7 |     8 |       ||    22
       Dazzling Spray    |       |       |     9 |    38 |    79 |     2 ||   128
Invok: Shadow Step       |       |       |     1 |       |     8 |       ||     9
 Abil: Evoke Flight      |       |       |       |       |     2 |       ||     2
Evoke: Wand              |       |       |       |     8 |     7 |       ||    15
  Use: Scroll            |     6 |     5 |    13 |     8 |    10 |       ||    42
       Potion            |       |       |       |     2 |    11 |     4 ||    17
 Stab: Sleeping          |    23 |    15 |    36 |    52 |   219 |    11 ||   356
       Confused          |     1 |     7 |    13 |    33 |    67 |    17 ||   138
       Invisible         |       |       |     2 |     9 |    37 |       ||    48
       Distracted        |       |       |     3 |     8 |     5 |       ||    16
  Eat: Bread ration      |     1 |       |     1 |     1 |     1 |       ||     4
       Fruit             |       |     1 |       |       |     8 |       ||     9
       Royal jelly       |       |       |       |     1 |     2 |       ||     3
Armor: Robe              |    19 |     9 |    19 |    33 |    49 |     2 ||   131
Dodge: Dodged            |    74 |    90 |   147 |   422 |  1000 |    73 ||  1806

Table legend:
 A = Spawn XP
 B = Non-spawn XP
 C = Spawn XP percentage of total XP
 D = Spawn monster count
 E = Non-spawn monster count
 F = Spawn count percentage of total count
 G = Total turns spent on level
                    A         B        C        D         E        F      G
               +---------+---------+-------+---------+---------+-------+---------
         Total |       0 |  165041 |   0.0 |       0 |     833 |   0.0 | 36774
               +---------+---------+-------+---------+---------+-------+---------
           D:1 |       0 |      47 |   0.0 |       0 |      25 |   0.0 |  2371
           D:2 |       0 |     131 |   0.0 |       0 |      27 |   0.0 |  1585
           D:3 |       0 |     477 |   0.0 |       0 |      42 |   0.0 |  1629
           D:4 |       0 |    1018 |   0.0 |       0 |      19 |   0.0 |  1150
           D:5 |       0 |    1437 |   0.0 |       0 |      14 |   0.0 |  1034
           D:6 |       0 |    1043 |   0.0 |       0 |      39 |   0.0 |  1289
           D:7 |       0 |    1166 |   0.0 |       0 |      17 |   0.0 |  1597
           D:8 |       0 |    3986 |   0.0 |       0 |      16 |   0.0 |  1531
           D:9 |       0 |    1348 |   0.0 |       0 |      13 |   0.0 |   671
          D:10 |       0 |    4154 |   0.0 |       0 |      39 |   0.0 |  1687
          D:11 |       0 |    9121 |   0.0 |       0 |      67 |   0.0 |  1845
          D:12 |       0 |    4567 |   0.0 |       0 |      37 |   0.0 |  1632
          D:13 |       0 |   10585 |   0.0 |       0 |      29 |   0.0 |  1924
          D:14 |       0 |   10826 |   0.0 |       0 |      31 |   0.0 |  1094
          D:15 |       0 |   19416 |   0.0 |       0 |      45 |   0.0 |  1942
        Lair:1 |       0 |    4573 |   0.0 |       0 |      17 |   0.0 |   735
        Lair:2 |       0 |    3044 |   0.0 |       0 |      17 |   0.0 |  1359
        Lair:3 |       0 |    8896 |   0.0 |       0 |      28 |   0.0 |  1655
        Lair:4 |       0 |    5574 |   0.0 |       0 |      30 |   0.0 |  1778
        Lair:5 |       0 |   12206 |   0.0 |       0 |      41 |   0.0 |  1824
        Lair:6 |       0 |   29029 |   0.0 |       0 |      70 |   0.0 |  2669
         Orc:1 |       0 |    1092 |   0.0 |       0 |       4 |   0.0 |   369
         Orc:2 |       0 |   19124 |   0.0 |       0 |     141 |   0.0 |  2412
         Elf:1 |       0 |   10139 |   0.0 |       0 |      15 |   0.0 |   546
      Depths:1 |       0 |     448 |   0.0 |       0 |       5 |   0.0 |    61
           Lab |       0 |    1594 |   0.0 |       0 |       5 |   0.0 |   155
               +---------+---------+-------+---------+---------+-------+---------
